 Dungeon Crawl Stone Soup version 0.24.0-13-gcf9b319 (webtiles) character file.

Game seed: 15168090661087789157, levelgen mode: deterministic

153 Bronimir the Grave Robber (level 5, -2/43 HPs)
             Began as a Deep Dwarf Necromancer on Mar 27, 2020.
             Killed by nerve-wracking pain
             ... invoked by an orc priest
              (7 damage)
             ... on level 4 of the Dungeon.
             The game lasted 00:09:45 (3452 turns).

Bronimir the Grave Robber (Deep Dwarf Necromancer)  Turns: 3452, Time: 00:09:46

Health: -2/43      AC:  3    Str: 11    XL:     5   Next: 12%
Magic:  0/8        EV: 12    Int: 17    God:
Gold:   190        SH:  0    Dex: 13    Spells: 0/9 levels left

rFire    . . .     SeeInvis .   a - +0 morningstar
rCold    . . .     Gourm    .   (no shield)
rNeg     . . .     Faith    .   y - +0 robe
rPois    .         Spirit   .   n - +0 helmet
rElec    .         Reflect  .   (no cloak)
rCorr    .         Harm     .   (no gloves)
MR       .....                  (no boots)
Stlth    ++........             (no amulet)
HPRegen  0.00/turn              (no ring)
MPRegen  0.11/turn              (no ring)

@: non-regenerating
A: damage resistance, heal wounds, sense surroundings 1, no regeneration
a: Heal Wounds


You were on level 4 of the Dungeon.
You were not hungry.

You visited 1 branch of the dungeon, and saw 4 of its levels.

You collected 190 gold pieces.

Inventory:

Hand Weapons
 a - a +0 morningstar (weapon)
 b - a +0 hunting sling
 d - a +0 dagger
 f - a +0 club
Missiles
 i - 10 poisoned darts (quivered)
 k - 14 bolts
 q - 5 boomerangs
 t - 47 stones
 v - 31 arrows
 A - 14 sling bullets
Armour
 h - a +0 ring mail
 n - a +0 helmet (worn)
 y - a +0 robe (worn)
Jewellery
 x - an uncursed ring of see invisible {unknown}
Scrolls
 e - a scroll of enchant weapon {unknown}
 g - 2 scrolls of immolation {unknown}
 j - a scroll of blinking {unknown}
 l - 4 scrolls of remove curse {unknown}
 m - a scroll of fear {unknown}
 r - a scroll of teleportation {unknown}
 z - a scroll of fog {unknown}
 B - a scroll of magic mapping {unknown}
Potions
 o - a potion of might {unknown}
 p - 2 potions of haste {unknown}
 s - 3 potions of flight {unknown}
 u - a potion of lignification {unknown}
 w - 2 potions of curing {unknown}
 C - a potion of berserk rage {unknown}
Comestibles
 c - 4 rations


   Skills:
 + Level 0.6 Fighting
 + Level 0.1 Short Blades
 + Level 0.3 Maces & Flails
 + Level 0.4 Throwing
 * Level 1.7 Armour
 + Level 2.2 Dodging
 - Level 2.4 Stealth
 + Level 2.5 Spellcasting
 * Level 5.9 Necromancy


You couldn't memorise any spells.
You knew the following spells:

 Your Spells              Type           Power        Failure   Level  Hunger
a - Pain                  Necr           ###.         1%          1    #......
b - Animate Skeleton      Necr           N/A          1%          1    #......
c - Vampiric Draining     Necr           ###.......   4%          3    ###....
d - Animate Dead          Necr           N/A          16%         4    #####..

Your spell library contained the following spells:

 Spells                   Type           Power        Failure   Level  Hunger
 Regeneration             Chrm/Necr      Unusable     N/A         3    N/A

Dungeon Overview and Level Annotations

Branches:
Dungeon (4/15)
 Temple: D:4-7

Altars:
Xom
The Shining One
Beogh

Shops:
D:4 =

Annotations:
D:3 3 runed translucent doors, Bronimir's ghost, amateur DEFE


Innate Abilities, Weirdness & Mutations

You are resistant to damage.
You can heal yourself by infusing magical energy.
You passively map a small area around you.
You do not regenerate.


Message History

The orc priest hits you with a +0 flail!
* * * LOW HITPOINT WARNING * * *
The orc completely misses you.
Casting: Pain (safe; 1% risk of failure)
Confirm with . or Enter, or press ? or * to list all spells.
Aiming: Pain (safe; 1% risk of failure)
Press: ? - help, Shift-Dir - straight line, f/p - orc priest
Aim: an orc priest, wielding a +0 flail and wearing a +0 chain mail (chance to defeat MR: 81%)
The orc priest writhes in agony.
The orc closely misses you. The orc priest barely misses you.
Casting: Pain (safe; 1% risk of failure)
Confirm with . or Enter, or press ? or * to list all spells.
You don't have enough magic to cast that spell.
You hit the orc priest but do no damage.
The orc priest is lightly wounded.
The orc hits you with a +0 dagger.
Your orc zombie hits the orc priest but does no damage.
The orc priest invokes the aid of Beogh against you.
Pain shoots through your body!
You die...

, #........^..##........
#.......###...........
#.......# #.##........
#.......###.##........
#...........##........ ,
, #.......######.......>
..####.....##...........
,
.........(..............
,
.####.@Z..##...........
, ,#?..oo...# ##........
#........# #..<.....
#...[....# #.....).. , *
..........# #........
...........# #........
........#### #........
........# #........ ,
#........


You could see an orc priest, an orc and a friendly orc zombie.

Vanquished Creatures
  Terence (D:2)
  A hound skeleton (D:3)
  5 adders
  2 worms
  A leopard gecko (D:1)
  5 orcs
  2 giant cockroaches
  6 goblins
  7 hobgoblins
  2 jackals (D:2)
  A ball python (D:3)
  7 bats
  3 frilled lizards
  9 kobolds
  7 rats
59 creatures vanquished.

Vanquished Creatures (collateral kills)
  A dart slug (D:1)
1 creature vanquished.

Grand Total: 60 creatures vanquished

Notes
Turn   | Place    | Note
-------+----------+-------------------------------------------
     0 | D:1      | Bronimir the Deep Dwarf Necromancer began the quest for the
                  | Orb.
     0 | D:1      | Reached XP level 1. HP: 15/15 MP: 3/3
   135 | D:1      | Found a shimmering altar of Xom.
   263 | D:1      | Reached XP level 2. HP: 19/22 MP: 0/4
   321 | D:1      | Learned a level 1 spell: Animate Skeleton
   399 | D:1      | Reached skill level 5 in Necromancy
   703 | D:2      | Reached XP level 3. HP: 3/28 MP: 0/6
   711 | D:2      | Learned a level 3 spell: Vampiric Draining
  1434 | D:2      | Found a glowing golden altar of the Shining One.
  1461 | D:2      | Reached skill level 1 in Armour
  1662 | D:2      | Noticed Terence
  1690 | D:2      | Killed Terence
  1690 | D:2      | Reached XP level 4. HP: 23/36 MP: 1/7
  2321 | D:3      | Found a runed translucent gate.
  2322 | D:3      | Found a runed translucent gate.
  2323 | D:3      | Found a runed translucent gate.
  2323 | D:3      | Noticed Bronimir's ghost (amateur DEFE)
  2327 | D:3      | Identified the cursed +0 scale mail of Icuemnej {rC+ rCorr}
  2923 | D:3      | Reached XP level 5. HP: 40/43 MP: 8/8
  2970 | D:3      | Learned a level 4 spell: Animate Dead
  3190 | D:3      | Found a roughly hewn altar of Beogh.
  3378 | D:4      | Found Gohetuot's Jewellery Emporium.
  3452 | D:4      | Killed from afar by an orc priest

Levels and vault maps discovered:
D:1:      wander_arrival_lonely_grave, layout_rooms, xom_teletrap_fun
D:2:      layout_loops_ring, nicolae_tso_carved_into_rock, uniq_terence
D:3:      layout_loops_ring, biasface_ghost_orc_armoury, item_on_display_a
D:4:      layout_basic, nicolae_ossuary_entry_giza, serial_shops, shop,
          uniq_menkaure

Skill      XL: |  1  2  3 |
---------------+----------+-----
Necromancy     | 5 |  5.9
Spellcasting   | 2 |  2.5
Armour         | 1 |  1.7
Fighting       | |  0.6
Short Blades   | |  0.1
Maces & Flails | |  0.3
Throwing       | |  0.4
Dodging        | |  2.2
Stealth        | |  2.4

Action                   |  1- 3 |  4- 6 || total
-------------------------+-------+-------++-------
Melee: Dagger            |     4 |       ||     4
       Club              |    35 |       ||    35
       Morningstar       |       |    48 ||    48
 Fire: Hunting sling     |       |     2 ||     2
Throw: Dart              |     8 |       ||     8
 Cast: Pain              |    33 |    15 ||    48
       Animate Skeleton  |     4 |       ||     4
       Vampiric Draining |    12 |     9 ||    21
       Animate Dead      |       |     1 ||     1
 Abil: Heal Wounds       |     1 |       ||     1
 Stab: Sleeping          |       |     3 ||     3
  Eat: Chunk             |     4 |     5 ||     9
       Ration            |       |     1 ||     1
Armor: Robe              |    17 |    10 ||    27
Dodge: Dodged            |    52 |    59 ||   111
